WCHLSIM.com - West Coast Hockey League
html PUBLIC "-//W3C//DTD XHTML 1.0 Transitional//EN" "http://www.w3.org/TR/xhtml1/DTD/xhtml1-transitional.dtd"> WCHL - Game 642 - SAN JOSE BRONCOS vs BANFF WOLVES

SAN JOSE BRONCOS vs BANFF WOLVES

Created - 19 janvier 2023 at 08:06

Goals
1 2 3 T
SAN JOSE BRONCOS 2 0 0 2
BANFF WOLVES 2 1 0 3
Shots
1 2 3 T
SAN JOSE BRONCOS 3 9 8 20
BANFF WOLVES 15 10 7 32

1st period

1. SAN JOSE BRONCOS , Elias Lindholm 21 (Cole Caufield 9) at 5:17
2. BANFF WOLVES , Roope Hintz 21 (Alex Tuch 29, Miro Heiskanen 11) at 8:00 (PP)
3. SAN JOSE BRONCOS , Jesper Bratt 16 (Jake Evans 7, Jake Bean 8) at 13:18
4. BANFF WOLVES , Kyle Connor 26 (Roope Hintz 30, Alex Tuch 30) at 15:25

Penalties :
Elias Lindholm (SJO) for High sticking (Minor) at 7:27, Logan O'Connor (BAN) for Roughing (Minor) at 8:28

2nd period

5. BANFF WOLVES , Dawson Mercer 5 (Mats Zuccarello 10, Ryan Getzlaf 5) at 17:07

Penalties :
Jacob Bryson (BAN) for Hooking (Minor) at 12:48, Brayden Point (SJO) for Tripping (Minor) at 12:48

3rd period

No Goal

Penalties :
Trevor Lewis (BAN) for Tripping (Minor) at 10:16, Brandon Montour (BAN) for Charging (Minor) at 15:05

Goalie Stats

John Gibson (SJO), 29 saves from 32 shots - (0,906), L, 10-12-2, 59:31 minutes
Jeremy Swayman (BAN), 18 saves from 20 shots - (0,900), W, 8-8-1, 60:00 minutes

Players Stats for SAN JOSE BRONCOS

Player Name              G  A  P  +/- PIM S  H  SB GA TA FO     MP     PP MP  PK MP  
------------------------------------------------------------------------------------
Adam Beckman             0  0  0   1  0   0  0  0  0  0  1/3    15:14   0:00   0:28 
Adam Pelech              0  0  0   0  0   1  4  1  0  0  0/0    21:29   2:48   0:00 
Brayden Point            0  0  0   0  2   5  0  0  0  0  1/10   16:36   3:09   0:28 
Cole Caufield            0  1  1   1  0   0  1  0  0  0  0/1    15:59   3:09   0:00 
Danny DeKeyser           0  0  0   0  0   0  1  2  0  0  0/0    17:50   0:00   0:00 
Elias Lindholm           1  0  1   1  2   2  0  0  0  0  14/18  17:47   3:09   0:00 
Ivan Barbashev           0  0  0   0  0   1  2  0  0  0  2/5    17:21   2:48   0:00 
Jaccob Slavin            0  0  0   0  0   0  0  0  0  0  0/0    21:17   3:09   0:00 
Jake Bean                0  1  1   0  0   0  1  0  0  0  0/0    16:28   0:00   0:00 
Jake Evans               0  1  1  -1  0   3  1  0  0  0  9/20   14:14   2:48   0:05 
Jan Rutta                0  0  0   0  0   0  2  2  0  0  0/0    19:54   2:48   0:33 
Jesper Bratt             1  0  1  -1  0   4  0  0  0  0  0/1    12:09   0:00   0:00 
Michael Raffl            0  0  0   0  0   0  2  0  0  0  0/1    12:44   0:00   0:00 
Neal Pionk               0  0  0   0  0   0  3  1  0  0  0/0    23:02   3:09   0:33 
Oliver Bjorkstrand       0  0  0   0  0   1  0  0  0  0  1/3    13:00   0:00   0:00 
Timothy Liljegren        0  0  0  -1  0   0  0  0  0  0  0/0    12:09   0:00   0:00 
Tyler Motte              0  0  0   0  0   3  3  0  0  0  7/21   17:29   2:48   0:05 
Zach Parise              0  0  0   0  0   0  0  0  0  0  0/2    12:44   0:00   0:00 

Players Stats for BANFF WOLVES

Player Name              G  A  P  +/- PIM S  H  SB GA TA FO     MP     PP MP  PK MP  
------------------------------------------------------------------------------------
Alex Tuch                0  2  2   0  0   2  0  1  0  0  1/2    19:29   0:33   1:44 
Brandon Montour          0  0  0   0  2   0  4  0  0  0  0/0    15:49   0:00   1:03 
Dawson Mercer            1  0  1   0  0   3  0  0  0  0  0/0    17:47   0:00   0:00 
Eetu Luostarinen         0  0  0   0  0   1  0  0  0  0  5/18    8:54   0:00   3:58 
Erik Gustafsson          0  0  0   0  0   0  1  1  0  0  0/0    20:04   0:00   0:00 
Esa Lindell              0  0  0   0  0   1  3  2  0  0  0/0    24:11   0:00   3:53 
Jacob Bryson             0  0  0   0  2   0  0  0  0  0  0/0    14:51   0:00   1:01 
Jamie Oleksiak           0  0  0   0  0   1  3  2  0  0  0/0    20:29   0:00   2:04 
Jason Zucker             0  0  0   0  0   1  0  0  0  0  1/2    11:48   0:00   0:00 
Kyle Connor              1  0  1   0  0   5  1  0  0  0  0/2    17:33   0:33   0:00 
Logan O'Connor           0  0  0   0  2   0  1  0  0  0  0/1     7:33   0:00   2:38 
Mats Zuccarello          0  1  1   0  0   7  0  0  0  0  1/1    19:34   0:00   0:00 
Maxim Mamin              0  0  0   0  0   0  0  0  0  0  0/0     6:55   0:00   1:59 
Miro Heiskanen           0  1  1   0  0   1  0  0  0  0  0/0    24:01   0:33   3:53 
Roope Hintz              1  1  2   0  0   6  0  0  0  0  18/25  19:20   0:33   0:00 
Ryan Getzlaf             0  1  1   0  0   1  0  1  0  0  14/19  17:59   0:00   0:00 
Sean Couturier           0  0  0   0  0   2  0  0  0  0  8/13   12:21   0:33   0:00 
Trevor Lewis             0  0  0   0  2   1  3  0  0  0  2/2    13:22   0:00   1:35 

3 Stars

1 - Roope Hintz (BAN)
2 - Kyle Connor (BAN)
3 - Alex Tuch (BAN)

Power Play

SAN JOSE BRONCOS - 0 on 3 Attempt(s) - 0,00%
BANFF WOLVES - 1 on 1 Attempt(s) - 100,00%

Penalty Kill

SAN JOSE BRONCOS - 0 on 1 Attempt(s) - 0,00% - Score 0 goal in Penalty Kill
BANFF WOLVES - 3 on 3 Attempt(s) - 100,00% - Score 0 goal in Penalty Kill

Team Stat

SAN JOSE BRONCOS - Hits : 20 - Faceoff Wins : 35 - Blocked Shots : 6 - Penalty Minutes : 4
BANFF WOLVES - Hits : 16 - Faceoff Wins : 50 - Blocked Shots : 7 - Penalty Minutes : 8

Official

Referees : Kevin Pollock and Wes McCauley
Linesman : Steven Berry and Andrew Smith

Game Notes

No Game Note

Finance

Level 1 -- Attendance: 6377 (90,45%) -- Ticket Income 797 125 $
Level 2 -- Attendance: 5637 (94,64%) -- Ticket Income 563 700 $
Level 3 -- Attendance: 2340 (100,00%) -- Ticket Income 140 400 $
Level 4 -- Attendance: 5000 (100,00%) -- Ticket Income 225 000 $
Luxury Box -- Attendance: 1050 (98,59%) -- Ticket Income 288 750 $
Game was played at the Rocky Mountains Sports Complex.
Total Attendance: 20404 (95,30%)
Total Ticket Income: 2 014 975 $
Other Expense: 20 150 $
Total Income: 1 994 825 $

SAN JOSE BRONCOS

5 vs 5 Forward 
   Center                   Left Wing                Right Wing               Time % Phy DF OF 
 1 Brayden Point            Ivan Barbashev           Oliver Bjorkstrand       25     1   2  2  
 2 Elias Lindholm           Adam Beckman             Cole Caufield            25     1   2  2  
 3 Tyler Motte              Michael Raffl            Zach Parise              25     1   2  2  
 4 Jake Evans               Jesper Bratt             Timothy Liljegren        25     1   2  2  

5 vs 5 Defense 
   Defense                  Defense                                           Time % Phy DF OF 
 1 Jaccob Slavin            Neal Pionk                                        33     1   2  2  
 2 Adam Pelech              Jake Bean                                         33     1   2  2  
 3 Danny DeKeyser           Jan Rutta                                         33     1   2  2  
 4 Adam Pelech              Jaccob Slavin                                     1      1   2  2  

PowerPlay Forward 
   Center                   Left Wing                Right Wing               Time % Phy DF OF 
 1 Jake Evans               Ivan Barbashev           Tyler Motte              50     1   2  2  
 2 Elias Lindholm           Brayden Point            Cole Caufield            50     1   2  2  

PowerPlay Defense
   Defense                  Defense                                           Time % Phy DF OF 
 1 Jan Rutta                Adam Pelech                                       50     1   2  2  
 2 Jaccob Slavin            Neal Pionk                                        50     1   2  2  

Penalty Kill 4 Players Forward 
   Center                   Wing                     Time % Phy DF OF 
 1 Brayden Point            Elias Lindholm           50     1   2  2  
 2 Tyler Motte              Jake Evans               50     1   2  2  

Penalty Kill 4 Players Defense
   Defense                  Defense                  Time % Phy DF OF 
 1 Danny DeKeyser           Adam Pelech              50     1   2  2  
 2 Neal Pionk               Jan Rutta                50     1   2  2  

Penalty Kill - 3 Players Forward 
   Forward                                           Time % Phy DF OF 
 1 Brayden Point                                     50     1   2  2  
 2 Elias Lindholm                                    50     1   2  2  

Penalty Kill - 3 Players Defense
   Defense                  Defense                  Time % Phy DF OF 
 1 Neal Pionk               Adam Pelech              50     1   2  2  
 2 Jaccob Slavin            Jan Rutta                50     1   2  2  

4 vs 4 Forward 
   Center                   Wing                     Time % Phy DF OF 
 1 Brayden Point            Tyler Motte              50     1   2  2  
 2 Ivan Barbashev           Elias Lindholm           50     1   2  2  

4 vs 4 Defense
   Defense                  Defense                  Time % Phy DF OF 
 1 Neal Pionk               Danny DeKeyser           50     1   2  2  
 2 Jan Rutta                Adam Pelech              50     1   2  2  

Last Minutes Offensive
   Center                   Left Wing                Right Wing               Defense                  Defense                  
   Brayden Point            Ivan Barbashev           Tyler Motte              Jaccob Slavin            Adam Pelech              

Last Minutes Defensive
   Center                   Left Wing                Right Wing               Defense                  Defense                  
   Brayden Point            Ivan Barbashev           Tyler Motte              Jaccob Slavin            Adam Pelech              

Goaltenders
Starting : John Gibson              
Backup : Hunter Shepard           

Extra Forwards
Normal : Tyler Motte, Elias Lindholm, Brayden Point - PP : Brayden Point, Elias Lindholm - PK : Brayden Point
Extra Defensemen
Normal : Jan Rutta, Neal Pionk, Adam Pelech - PP : Adam Pelech - PK : Adam Pelech, Jan Rutta
Penalty Shots
Ivan Barbashev, Brayden Point, Elias Lindholm, Cole Caufield, Tyler Motte
Custom OT Lines Forwards
Jesper Bratt, Tyler Motte, Brayden Point, Elias Lindholm, Ivan Barbashev, Oliver Bjorkstrand, Cole Caufield, Jake Evans, Zach Parise, Adam Beckman
Custom OT Lines Defensemen
Jake Bean, Jaccob Slavin, Adam Pelech, Jan Rutta, Neal Pionk

Scratches
Patrick Maroon (Healthy), Jacob Middleton (Bruised Right Foot Injury), Jordan Martinook (Healthy), Pierre-Edouard Bellemare (Healthy), Petr Mrazek (Healthy)

BANFF WOLVES

5 vs 5 Forward 
   Center                   Left Wing                Right Wing               Time % Phy DF OF 
 1 Roope Hintz              Kyle Connor              Alex Tuch                34     0   1  4  
 2 Ryan Getzlaf             Mats Zuccarello          Dawson Mercer            34     0   1  4  
 3 Sean Couturier           Jason Zucker             Trevor Lewis             25     0   2  3  
 4 Eetu Luostarinen         Maxim Mamin              Logan O'Connor           7      0   5  0  

5 vs 5 Defense 
   Defense                  Defense                                           Time % Phy DF OF 
 1 Miro Heiskanen           Jamie Oleksiak                                    43     0   5  0  
 2 Esa Lindell              Erik Gustafsson                                   42     0   5  0  
 3 Brandon Montour          Jacob Bryson                                      15     0   5  0  
 4 Esa Lindell              Miro Heiskanen                                    0      0   4  1  

PowerPlay Forward 
   Center                   Left Wing                Right Wing               Time % Phy DF OF 
 1 Roope Hintz              Kyle Connor              Alex Tuch                60     0   0  5  
 2 Ryan Getzlaf             Mats Zuccarello          Jason Zucker             40     0   0  5  

PowerPlay Defense
   Defense                  Defense                                           Time % Phy DF OF 
 1 Miro Heiskanen           Sean Couturier                                    60     0   0  5  
 2 Brandon Montour          Erik Gustafsson                                   40     0   0  5  

Penalty Kill 4 Players Forward 
   Center                   Wing                     Time % Phy DF OF 
 1 Eetu Luostarinen         Logan O'Connor           55     1   4  0  
 2 Trevor Lewis             Maxim Mamin              45     1   4  0  

Penalty Kill 4 Players Defense
   Defense                  Defense                  Time % Phy DF OF 
 1 Esa Lindell              Miro Heiskanen           55     1   4  0  
 2 Jamie Oleksiak           Brandon Montour          45     1   4  0  

Penalty Kill - 3 Players Forward 
   Forward                                           Time % Phy DF OF 
 1 Eetu Luostarinen                                  55     0   5  0  
 2 Logan O'Connor                                    45     0   5  0  

Penalty Kill - 3 Players Defense
   Defense                  Defense                  Time % Phy DF OF 
 1 Esa Lindell              Miro Heiskanen           55     0   5  0  
 2 Jamie Oleksiak           Brandon Montour          45     0   5  0  

4 vs 4 Forward 
   Center                   Wing                     Time % Phy DF OF 
 1 Roope Hintz              Mats Zuccarello          60     1   2  2  
 2 Ryan Getzlaf             Alex Tuch                40     1   2  2  

4 vs 4 Defense
   Defense                  Defense                  Time % Phy DF OF 
 1 Miro Heiskanen           Esa Lindell              60     1   2  2  
 2 Erik Gustafsson          Brandon Montour          40     1   2  2  

Last Minutes Offensive
   Center                   Left Wing                Right Wing               Defense                  Defense                  
   Roope Hintz              Kyle Connor              Mats Zuccarello          Miro Heiskanen           Esa Lindell              

Last Minutes Defensive
   Center                   Left Wing                Right Wing               Defense                  Defense                  
   Ryan Getzlaf             Mats Zuccarello          Alex Tuch                Esa Lindell              Miro Heiskanen           

Goaltenders
Starting : Jeremy Swayman           
Backup : Jacob Markstrom          

Extra Forwards
Normal : Dawson Mercer, Logan O'Connor, Alex Tuch - PP : Dawson Mercer, Logan O'Connor - PK : Alex Tuch
Extra Defensemen
Normal : Miro Heiskanen, Jacob Bryson, Jamie Oleksiak - PP : Esa Lindell - PK : Jacob Bryson, Jamie Oleksiak
Penalty Shots
Mats Zuccarello, Alex Tuch, Kyle Connor, Roope Hintz, Ryan Getzlaf
Custom OT Lines Forwards
Alex Tuch, Mats Zuccarello, Roope Hintz, Ryan Getzlaf, Kyle Connor, Jason Zucker, Sean Couturier, Dawson Mercer, Eetu Luostarinen, Logan O'Connor
Custom OT Lines Defensemen
Miro Heiskanen, Esa Lindell, Jamie Oleksiak, Brandon Montour, Erik Gustafsson

Scratches
Jimmy Vesey (Healthy), Quinton Hughes (Head Injury), Nick Cousins (Healthy)

% Time on Ice - SAN JOSE BRONCOS

Lines # - Real PCT - Wanted PCT - Time Play
Normal Forward
1 - 26% - 25% - 13:00
2 - 25% - 25% - 12:50
3 - 25% - 25% - 12:44
4 - 24% - 25% - 12:09
Normal Defense
1 - 35% - 33% - 17:47
2 - 32% - 33% - 16:28
3 - 32% - 33% - 16:07
4 - 1% - 1% - 0:21
PP Forward
1 - 47% - 50% - 2:48
2 - 53% - 50% - 3:09
PP Defense
1 - 47% - 50% - 2:48
2 - 53% - 50% - 3:09
PK Forward
1 - 85% - 50% - 0:28
2 - 15% - 50% - 0:05
PK Defense
1 - 0% - 50% - 0:00
2 - 100% - 50% - 0:33
PK3 Forward
1 - 0% - 50%
2 - 0% - 50%
PK3 Defense
1 - 0% - 50%
2 - 0% - 50%
44 Forward
1 - 54% - 50% - 1:04
2 - 46% - 50% - 0:55
44 Defense
1 - 78% - 50% - 1:33
2 - 22% - 50% - 0:26
Last Minute Offensive  - 0:48
Last Minute Defensive  - 0:00
Total
Forward - 60:00
Defense - 60:00

% Time on Ice - BANFF WOLVES

Lines # - Real PCT - Wanted PCT - Time Play
Normal Forward
1 - 33% - 34% - 17:00
2 - 35% - 34% - 17:47
3 - 23% - 25% - 11:48
4 - 10% - 7% - 4:56
Normal Defense
1 - 36% - 43% - 18:25
2 - 37% - 42% - 19:08
3 - 27% - 15% - 13:51
4 - 0% - 0% - 0:07
PP Forward
1 - 100% - 60% - 0:33
2 - 0% - 40% - 0:00
PP Defense
1 - 100% - 60% - 0:33
2 - 0% - 40% - 0:00
PK Forward
1 - 67% - 55% - 3:58
2 - 33% - 45% - 1:59
PK Defense
1 - 65% - 55% - 3:53
2 - 35% - 45% - 2:04
PK3 Forward
1 - 0% - 55%
2 - 0% - 45%
PK3 Defense
1 - 0% - 55%
2 - 0% - 45%
44 Forward
1 - 90% - 60% - 1:47
2 - 10% - 40% - 0:12
44 Defense
1 - 53% - 60% - 1:03
2 - 47% - 40% - 0:56
Last Minute Offensive  - 0:00
Last Minute Defensive  - 0:00
Total
Forward - 60:00
Defense - 60:00

Play-by-Play

1st period


0:01 of 1st period - Roope Hintz wins face-off versus Brayden Point in neutral zone.
0:21 of 1st period - Icing by Neal Pionk.
0:22 of 1st period - Mats Zuccarello wins face-off versus Brayden Point in SAN JOSE BRONCOS zone.
2:01 of 1st period - Brayden Point is hit by Jamie Oleksiak and loses puck.
2:15 of 1st period - Icing by Jaccob Slavin.
2:16 of 1st period - Roope Hintz wins face-off versus Brayden Point in SAN JOSE BRONCOS zone.
2:33 of 1st period - Shot by Alex Tuch.
2:33 of 1st period - Shot Misses the Net.
2:35 of 1st period - Shot by Alex Tuch.
2:35 of 1st period - Stopped by John Gibson with a rebound.
3:16 of 1st period - Icing by Jake Bean.
3:17 of 1st period - Jason Zucker wins face-off versus Adam Beckman in SAN JOSE BRONCOS zone.
3:17 of 1st period - Jason Zucker is hit by Adam Pelech.
3:23 of 1st period - Shot by Sean Couturier.
3:23 of 1st period - Stopped by John Gibson without a rebound.
3:24 of 1st period - Sean Couturier wins face-off versus Tyler Motte in SAN JOSE BRONCOS zone.
3:58 of 1st period - Shot by Jason Zucker.
3:58 of 1st period - Shot Misses the Net.
4:00 of 1st period - Shot by Jamie Oleksiak.
4:00 of 1st period - Stopped by John Gibson without a rebound.
4:01 of 1st period - Roope Hintz wins face-off versus Jake Evans in SAN JOSE BRONCOS zone.
4:04 of 1st period - Shot by Kyle Connor.
4:04 of 1st period - Stopped by John Gibson without a rebound.
4:05 of 1st period - Roope Hintz wins face-off versus Jake Evans in SAN JOSE BRONCOS zone.
4:43 of 1st period - Shot by Jesper Bratt.
4:43 of 1st period - Shot Misses the Net.
5:17 of 1st period - Shot by Elias Lindholm.
5:17 of 1st period - Goal by Elias Lindholm - SAN JOSE BRONCOS : 1 - BANFF WOLVES : 0.
5:18 of 1st period - Ryan Getzlaf wins face-off versus Tyler Motte in neutral zone.
5:25 of 1st period - Shot by Mats Zuccarello.
5:25 of 1st period - Stopped by John Gibson without a rebound.
5:26 of 1st period - Ryan Getzlaf wins face-off versus Tyler Motte in SAN JOSE BRONCOS zone.
5:40 of 1st period - Icing by Zach Parise.
5:41 of 1st period - Eetu Luostarinen wins face-off versus Tyler Motte in SAN JOSE BRONCOS zone.
5:46 of 1st period - Shot by Eetu Luostarinen.
5:46 of 1st period - Stopped by John Gibson without a rebound.
5:47 of 1st period - Ryan Getzlaf wins face-off versus Jake Evans in SAN JOSE BRONCOS zone.
6:01 of 1st period - Icing by Jan Rutta.
6:02 of 1st period - Sean Couturier wins face-off versus Jake Evans in SAN JOSE BRONCOS zone.
6:15 of 1st period - Shot by Sean Couturier.
6:15 of 1st period - Shot Blocked by Jan Rutta.
6:35 of 1st period - Shot by Jake Evans.
6:35 of 1st period - Shot Misses the Net.
6:38 of 1st period - Jesper Bratt is hit by Brandon Montour and loses puck.
6:53 of 1st period - Elias Lindholm is hit by Trevor Lewis and loses puck.
7:11 of 1st period - Icing by Adam Pelech.
7:12 of 1st period - Elias Lindholm wins face-off versus Eetu Luostarinen in SAN JOSE BRONCOS zone.
7:17 of 1st period - Maxim Mamin is hit by Cole Caufield.
7:27 of 1st period - Minor Penalty to Elias Lindholm for High sticking.
7:28 of 1st period - Tyler Motte wins face-off versus Roope Hintz in SAN JOSE BRONCOS zone.
7:28 of 1st period - Tyler Motte is hit by Kyle Connor.
8:00 of 1st period - Shot by Roope Hintz.
8:00 of 1st period - Goal by Roope Hintz - SAN JOSE BRONCOS : 1 - BANFF WOLVES : 1.
8:01 of 1st period - Ryan Getzlaf wins face-off versus Tyler Motte in neutral zone.
8:13 of 1st period - Icing by Adam Pelech.
8:14 of 1st period - Eetu Luostarinen wins face-off versus Tyler Motte in SAN JOSE BRONCOS zone.
8:28 of 1st period - Minor Penalty to Logan O'Connor for Roughing.
8:29 of 1st period - Elias Lindholm wins face-off versus Eetu Luostarinen in BANFF WOLVES zone.
8:40 of 1st period - Shot by Brayden Point.
8:40 of 1st period - Shot Misses the Net.
8:42 of 1st period - Shot by Elias Lindholm.
8:42 of 1st period - Deflect By Brayden Point.
8:42 of 1st period - Shot Blocked by Esa Lindell.
8:51 of 1st period - Cole Caufield is hit by Esa Lindell and loses puck.
10:00 of 1st period - Shot by Jake Evans.
10:00 of 1st period - Shot Misses the Net.
11:15 of 1st period - Icing by Esa Lindell.
11:16 of 1st period - Tyler Motte wins face-off versus Jason Zucker in BANFF WOLVES zone.
11:16 of 1st period - Tyler Motte is hit by Esa Lindell.
11:43 of 1st period - Sean Couturier is hit by Tyler Motte.
13:14 of 1st period - Shot by Jake Evans.
13:14 of 1st period - Shot Misses the Net.
13:16 of 1st period - Shot by Jesper Bratt.
13:16 of 1st period - Shot Misses the Net.
13:18 of 1st period - Shot by Jesper Bratt.
13:18 of 1st period - Goal by Jesper Bratt - SAN JOSE BRONCOS : 2 - BANFF WOLVES : 1.
13:19 of 1st period - Elias Lindholm wins face-off versus Eetu Luostarinen in neutral zone.
13:37 of 1st period - Icing by Logan O'Connor.
13:38 of 1st period - Eetu Luostarinen wins face-off versus Tyler Motte in BANFF WOLVES zone.
15:04 of 1st period - Shot by Dawson Mercer.
15:04 of 1st period - Shot Misses the Net.
15:15 of 1st period - Off-side.
15:16 of 1st period - Roope Hintz wins face-off versus Jake Evans in neutral zone.
15:23 of 1st period - Shot by Kyle Connor.
15:23 of 1st period - Stopped by John Gibson with a rebound.
15:25 of 1st period - Shot by Roope Hintz.
15:25 of 1st period - Deflect By Kyle Connor.
15:25 of 1st period - Goal by Kyle Connor - SAN JOSE BRONCOS : 2 - BANFF WOLVES : 2.
15:26 of 1st period - Tyler Motte wins face-off versus Roope Hintz in neutral zone.
15:56 of 1st period - Alex Tuch is hit by Jake Bean.
16:34 of 1st period - Shot by Jake Evans.
16:34 of 1st period - Stopped by Jeremy Swayman without a rebound.
16:35 of 1st period - Sean Couturier wins face-off versus Brayden Point in BANFF WOLVES zone.
16:35 of 1st period - Sean Couturier is hit by Ivan Barbashev.
16:40 of 1st period - Icing by Jason Zucker.
16:41 of 1st period - Trevor Lewis wins face-off versus Elias Lindholm in BANFF WOLVES zone.
17:07 of 1st period - Sean Couturier is hit by Neal Pionk.
17:13 of 1st period - Shot by Jason Zucker.
17:13 of 1st period - Stopped by John Gibson without a rebound.
17:14 of 1st period - Jake Evans wins face-off versus Ryan Getzlaf in SAN JOSE BRONCOS zone.
17:30 of 1st period - Icing by Esa Lindell.
17:31 of 1st period - Ryan Getzlaf wins face-off versus Brayden Point in BANFF WOLVES zone.
17:31 of 1st period - Ryan Getzlaf is hit by Ivan Barbashev.
17:41 of 1st period - Shot by Dawson Mercer.
17:41 of 1st period - Stopped by John Gibson without a rebound.
17:42 of 1st period - Roope Hintz wins face-off versus Michael Raffl in SAN JOSE BRONCOS zone.
17:44 of 1st period - Kyle Connor is hit by Danny DeKeyser and loses puck.
18:00 of 1st period - Tyler Motte is hit by Jamie Oleksiak and loses puck.
18:15 of 1st period - Shot by Alex Tuch.
18:15 of 1st period - Stopped by John Gibson without a rebound.
18:16 of 1st period - Ryan Getzlaf wins face-off versus Elias Lindholm in SAN JOSE BRONCOS zone.
18:19 of 1st period - Shot by Mats Zuccarello.
18:19 of 1st period - Shot Misses the Net.
18:21 of 1st period - Shot by Esa Lindell.
18:21 of 1st period - Shot Blocked by Adam Pelech.
18:23 of 1st period - Shot by Mats Zuccarello.
18:23 of 1st period - Stopped by John Gibson without a rebound.
18:24 of 1st period - Brayden Point wins face-off versus Ryan Getzlaf in SAN JOSE BRONCOS zone.
18:49 of 1st period - Shot by Mats Zuccarello.
18:49 of 1st period - Shot Misses the Net.
18:51 of 1st period - Shot by Mats Zuccarello.
18:51 of 1st period - Stopped by John Gibson without a rebound.
18:52 of 1st period - Elias Lindholm wins face-off versus Roope Hintz in SAN JOSE BRONCOS zone.
19:09 of 1st period - Shot by Roope Hintz.
19:09 of 1st period - Deflect By Kyle Connor.
19:09 of 1st period - Shot Blocked by Jan Rutta.
19:11 of 1st period - Shot by Alex Tuch.
19:11 of 1st period - Shot Misses the Net.
19:13 of 1st period - Shot by Roope Hintz.
19:13 of 1st period - Stopped by John Gibson without a rebound.
19:14 of 1st period - Ryan Getzlaf wins face-off versus Jake Evans in SAN JOSE BRONCOS zone.
19:15 of 1st period - Shot by Mats Zuccarello.
19:15 of 1st period - Shot Misses the Net.
19:57 of 1st period - Icing by Mats Zuccarello.
19:58 of 1st period - Adam Beckman wins face-off versus Ryan Getzlaf in BANFF WOLVES zone.
19:58 of 1st period - Adam Beckman is hit by Erik Gustafsson.
Goals for this period are 2 for SAN JOSE BRONCOS vs 2 for BANFF WOLVES.
Shots for this period are 3 for SAN JOSE BRONCOS vs 15 for BANFF WOLVES.

2nd period


0:01 of 2nd period - Elias Lindholm wins face-off versus Kyle Connor in neutral zone.
0:04 of 2nd period - Shot by Cole Caufield.
0:04 of 2nd period - Shot Misses the Net.
0:17 of 2nd period - Icing by Roope Hintz.
0:18 of 2nd period - Roope Hintz wins face-off versus Brayden Point in BANFF WOLVES zone.
0:23 of 2nd period - Shot by Roope Hintz.
0:23 of 2nd period - Stopped by John Gibson without a rebound.
0:24 of 2nd period - Tyler Motte wins face-off versus Ryan Getzlaf in SAN JOSE BRONCOS zone.
1:08 of 2nd period - Mats Zuccarello is hit by Tyler Motte and loses puck.
1:47 of 2nd period - Shot by Roope Hintz.
1:47 of 2nd period - Stopped by John Gibson without a rebound.
1:48 of 2nd period - Sean Couturier wins face-off versus Cole Caufield in SAN JOSE BRONCOS zone.
4:07 of 2nd period - Shot by Jake Evans.
4:07 of 2nd period - Stopped by Jeremy Swayman without a rebound.
4:08 of 2nd period - Elias Lindholm wins face-off versus Eetu Luostarinen in BANFF WOLVES zone.
4:08 of 2nd period - Cole Caufield is hit by Esa Lindell and loses puck.
6:23 of 2nd period - Shot by Alex Tuch.
6:23 of 2nd period - Deflect By Kyle Connor.
6:23 of 2nd period - Shot Misses the Net.
6:25 of 2nd period - Shot by Miro Heiskanen.
6:25 of 2nd period - Stopped by John Gibson without a rebound.
6:26 of 2nd period - Sean Couturier wins face-off versus Jake Evans in SAN JOSE BRONCOS zone.
7:50 of 2nd period - Shot by Mats Zuccarello.
7:50 of 2nd period - Stopped by John Gibson with a rebound.
8:17 of 2nd period - Shot by Brayden Point.
8:17 of 2nd period - Deflect By Oliver Bjorkstrand.
8:17 of 2nd period - Shot Misses the Net.
8:36 of 2nd period - Icing by Jaccob Slavin.
8:37 of 2nd period - Roope Hintz wins face-off versus Brayden Point in SAN JOSE BRONCOS zone.
8:38 of 2nd period - Shot by Alex Tuch.
8:38 of 2nd period - Shot Misses the Net.
8:56 of 2nd period - Shot by Roope Hintz.
8:56 of 2nd period - Stopped by John Gibson without a rebound.
8:57 of 2nd period - Tyler Motte wins face-off versus Sean Couturier in SAN JOSE BRONCOS zone.
9:14 of 2nd period - Shot by Sean Couturier.
9:14 of 2nd period - Shot Misses the Net.
9:16 of 2nd period - Shot by Erik Gustafsson.
9:16 of 2nd period - Shot Misses the Net.
9:32 of 2nd period - Shot by Sean Couturier.
9:32 of 2nd period - Shot Misses the Net.
9:34 of 2nd period - Shot by Trevor Lewis.
9:34 of 2nd period - Stopped by John Gibson with a rebound.
10:19 of 2nd period - Icing by Jaccob Slavin.
10:20 of 2nd period - Jake Evans wins face-off versus Eetu Luostarinen in SAN JOSE BRONCOS zone.
10:27 of 2nd period - Shot by Jesper Bratt.
10:27 of 2nd period - Shot Misses the Net.
10:29 of 2nd period - Shot by Jesper Bratt.
10:29 of 2nd period - Shot Misses the Net.
11:05 of 2nd period - Shot by Brayden Point.
11:05 of 2nd period - Stopped by Jeremy Swayman without a rebound.
11:06 of 2nd period - Roope Hintz wins face-off versus Elias Lindholm in BANFF WOLVES zone.
11:27 of 2nd period - Shot by Roope Hintz.
11:27 of 2nd period - Shot Misses the Net.
11:29 of 2nd period - Shot by Alex Tuch.
11:29 of 2nd period - Deflect By Kyle Connor.
11:29 of 2nd period - Shot Blocked by Danny DeKeyser.
11:41 of 2nd period - Shot by Roope Hintz.
11:41 of 2nd period - Shot Blocked by Danny DeKeyser.
12:33 of 2nd period - Shot by Ryan Getzlaf.
12:33 of 2nd period - Shot Misses the Net.
12:35 of 2nd period - Shot by Mats Zuccarello.
12:35 of 2nd period - Stopped by John Gibson without a rebound.
12:36 of 2nd period - Oliver Bjorkstrand wins face-off versus Sean Couturier in SAN JOSE BRONCOS zone.
12:44 of 2nd period - Jaccob Slavin is hit by Brandon Montour and loses puck.
12:48 of 2nd period - Minor Penalty to Jacob Bryson for Hooking.
12:48 of 2nd period - Minor Penalty to Brayden Point for Tripping.
12:49 of 2nd period - Roope Hintz wins face-off versus Ivan Barbashev in BANFF WOLVES zone.
13:00 of 2nd period - Shot by Roope Hintz.
13:00 of 2nd period - Deflect By Mats Zuccarello.
13:00 of 2nd period - Shot Misses the Net.
13:22 of 2nd period - Shot by Mats Zuccarello.
13:22 of 2nd period - Deflect By Roope Hintz.
13:22 of 2nd period - Shot Blocked by Neal Pionk.
13:24 of 2nd period - Shot by Roope Hintz.
13:24 of 2nd period - Shot Misses the Net.
13:26 of 2nd period - Shot by Esa Lindell.
13:26 of 2nd period - Stopped by John Gibson without a rebound.
13:27 of 2nd period - Roope Hintz wins face-off versus Ivan Barbashev in SAN JOSE BRONCOS zone.
13:32 of 2nd period - Shot by Roope Hintz.
13:32 of 2nd period - Shot Misses the Net.
13:34 of 2nd period - Shot by Roope Hintz.
13:34 of 2nd period - Stopped by John Gibson without a rebound.
13:35 of 2nd period - Elias Lindholm wins face-off versus Roope Hintz in SAN JOSE BRONCOS zone.
13:40 of 2nd period - Shot by Adam Pelech.
13:40 of 2nd period - Stopped by Jeremy Swayman without a rebound.
13:41 of 2nd period - Roope Hintz wins face-off versus Ivan Barbashev in BANFF WOLVES zone.
13:48 of 2nd period - Shot by Roope Hintz.
13:48 of 2nd period - Shot Misses the Net.
13:53 of 2nd period - Icing by Elias Lindholm.
13:54 of 2nd period - Ivan Barbashev wins face-off versus Roope Hintz in SAN JOSE BRONCOS zone.
14:38 of 2nd period - Icing by Jan Rutta.
14:39 of 2nd period - Ryan Getzlaf wins face-off versus Adam Beckman in SAN JOSE BRONCOS zone.
15:05 of 2nd period - Shot by Jake Evans.
15:05 of 2nd period - Stopped by Jeremy Swayman without a rebound.
15:06 of 2nd period - Eetu Luostarinen wins face-off versus Zach Parise in BANFF WOLVES zone.
15:06 of 2nd period - Eetu Luostarinen is hit by Tyler Motte.
15:58 of 2nd period - Off-side.
15:59 of 2nd period - Roope Hintz wins face-off versus Brayden Point in neutral zone.
16:43 of 2nd period - Shot by Brayden Point.
16:43 of 2nd period - Stopped by Jeremy Swayman without a rebound.
16:44 of 2nd period - Ryan Getzlaf wins face-off versus Jake Evans in BANFF WOLVES zone.
17:05 of 2nd period - Shot by Mats Zuccarello.
17:05 of 2nd period - Shot Misses the Net.
17:07 of 2nd period - Shot by Dawson Mercer.
17:07 of 2nd period - Goal by Dawson Mercer - SAN JOSE BRONCOS : 2 - BANFF WOLVES : 3.
17:08 of 2nd period - Trevor Lewis wins face-off versus Tyler Motte in neutral zone.
17:14 of 2nd period - Sean Couturier is hit by Neal Pionk and loses puck.
17:21 of 2nd period - Sean Couturier is hit by Michael Raffl and loses puck.
17:52 of 2nd period - Icing by Esa Lindell.
17:53 of 2nd period - Sean Couturier wins face-off versus Jake Evans in BANFF WOLVES zone.
18:14 of 2nd period - Shot by Jesper Bratt.
18:14 of 2nd period - Stopped by Jeremy Swayman with a rebound.
18:28 of 2nd period - Shot by Jesper Bratt.
18:28 of 2nd period - Stopped by Jeremy Swayman without a rebound.
18:29 of 2nd period - Ryan Getzlaf wins face-off versus Oliver Bjorkstrand in BANFF WOLVES zone.
18:42 of 2nd period - Shot by Brayden Point.
18:42 of 2nd period - Shot Blocked by Jamie Oleksiak.
18:50 of 2nd period - Shot by Ivan Barbashev.
18:50 of 2nd period - Shot Blocked by Ryan Getzlaf.
19:07 of 2nd period - Shot by Brayden Point.
19:07 of 2nd period - Stopped by Jeremy Swayman with a rebound.
19:09 of 2nd period - Shot by Ivan Barbashev.
19:09 of 2nd period - Shot Blocked by Jamie Oleksiak.
19:37 of 2nd period - Icing by Jaccob Slavin.
19:38 of 2nd period - Tyler Motte wins face-off versus Roope Hintz in SAN JOSE BRONCOS zone.
19:55 of 2nd period - Shot by Tyler Motte.
19:55 of 2nd period - Stopped by Jeremy Swayman without a rebound.
19:56 of 2nd period - Eetu Luostarinen wins face-off versus Jesper Bratt in BANFF WOLVES zone.
19:56 of 2nd period - Eetu Luostarinen is hit by Jake Evans.
Goals for this period are 0 for SAN JOSE BRONCOS vs 1 for BANFF WOLVES.
Shots for this period are 9 for SAN JOSE BRONCOS vs 10 for BANFF WOLVES.

3rd period


0:01 of 3rd period - Alex Tuch wins face-off versus Jake Evans in neutral zone.
0:39 of 3rd period - Adam Pelech is hit by Jamie Oleksiak and loses puck.
1:09 of 3rd period - Icing by Esa Lindell.
1:10 of 3rd period - Elias Lindholm wins face-off versus Ryan Getzlaf in BANFF WOLVES zone.
1:24 of 3rd period - Shot by Dawson Mercer.
1:24 of 3rd period - Shot Misses the Net.
1:31 of 3rd period - Dawson Mercer is hit by Neal Pionk and loses puck.
1:43 of 3rd period - Icing by Erik Gustafsson.
1:44 of 3rd period - Ryan Getzlaf wins face-off versus Tyler Motte in BANFF WOLVES zone.
2:26 of 3rd period - Off-side.
2:27 of 3rd period - Ivan Barbashev wins face-off versus Sean Couturier in neutral zone.
3:23 of 3rd period - Jake Bean is hit by Trevor Lewis and loses puck.
3:33 of 3rd period - Brandon Montour is hit by Adam Pelech and loses puck.
3:48 of 3rd period - Shot by Elias Lindholm.
3:48 of 3rd period - Stopped by Jeremy Swayman without a rebound.
3:49 of 3rd period - Jake Evans wins face-off versus Roope Hintz in BANFF WOLVES zone.
5:59 of 3rd period - Icing by Jaccob Slavin.
6:00 of 3rd period - Sean Couturier wins face-off versus Zach Parise in SAN JOSE BRONCOS zone.
6:01 of 3rd period - Shot by Jason Zucker.
6:01 of 3rd period - Deflect By Sean Couturier.
6:01 of 3rd period - Stopped by John Gibson without a rebound.
6:02 of 3rd period - Roope Hintz wins face-off versus Oliver Bjorkstrand in SAN JOSE BRONCOS zone.
6:06 of 3rd period - Alex Tuch is hit by Adam Pelech and loses puck.
6:15 of 3rd period - Shot by Brayden Point.
6:15 of 3rd period - Shot Misses the Net.
6:27 of 3rd period - Shot by Oliver Bjorkstrand.
6:27 of 3rd period - Stopped by Jeremy Swayman without a rebound.
6:28 of 3rd period - Elias Lindholm wins face-off versus Sean Couturier in BANFF WOLVES zone.
7:19 of 3rd period - Icing by Jaccob Slavin.
7:20 of 3rd period - Roope Hintz wins face-off versus Elias Lindholm in SAN JOSE BRONCOS zone.
7:21 of 3rd period - Shot by Kyle Connor.
7:21 of 3rd period - Stopped by John Gibson without a rebound.
7:22 of 3rd period - Roope Hintz wins face-off versus Brayden Point in SAN JOSE BRONCOS zone.
7:28 of 3rd period - Kyle Connor is hit by Adam Pelech and loses puck.
7:37 of 3rd period - Shot by Oliver Bjorkstrand.
7:37 of 3rd period - Deflect By Brayden Point.
7:37 of 3rd period - Shot Misses the Net.
7:39 of 3rd period - Shot by Jake Bean.
7:39 of 3rd period - Shot Misses the Net.
7:55 of 3rd period - Shot by Kyle Connor.
7:55 of 3rd period - Stopped by John Gibson without a rebound.
7:56 of 3rd period - Ryan Getzlaf wins face-off versus Tyler Motte in SAN JOSE BRONCOS zone.
7:56 of 3rd period - Dawson Mercer is hit by Jan Rutta and loses puck.
7:59 of 3rd period - Shot by Ryan Getzlaf.
7:59 of 3rd period - Stopped by John Gibson with a rebound.
8:01 of 3rd period - Shot by Mats Zuccarello.
8:01 of 3rd period - Stopped by John Gibson without a rebound.
8:02 of 3rd period - Ryan Getzlaf wins face-off versus Tyler Motte in SAN JOSE BRONCOS zone.
8:09 of 3rd period - Shot by Mats Zuccarello.
8:09 of 3rd period - Stopped by John Gibson without a rebound.
8:10 of 3rd period - Ryan Getzlaf wins face-off versus Tyler Motte in SAN JOSE BRONCOS zone.
8:45 of 3rd period - Shot by Dawson Mercer.
8:45 of 3rd period - Stopped by John Gibson with a rebound.
8:47 of 3rd period - Shot by Miro Heiskanen.
8:47 of 3rd period - Shot Misses the Net.
9:19 of 3rd period - Shot by Alex Tuch.
9:19 of 3rd period - Shot Misses the Net.
9:22 of 3rd period - Icing by Jaccob Slavin.
9:23 of 3rd period - Elias Lindholm wins face-off versus Sean Couturier in SAN JOSE BRONCOS zone.
9:23 of 3rd period - Cole Caufield is hit by Trevor Lewis.
9:30 of 3rd period - Elias Lindholm is hit by Brandon Montour and loses puck.
10:06 of 3rd period - Shot by Cole Caufield.
10:06 of 3rd period - Shot Misses the Net.
10:16 of 3rd period - Minor Penalty to Trevor Lewis for Tripping.
10:17 of 3rd period - Jake Evans wins face-off versus Eetu Luostarinen in BANFF WOLVES zone.
10:18 of 3rd period - Shot by Ivan Barbashev.
10:18 of 3rd period - Stopped by Jeremy Swayman without a rebound.
10:19 of 3rd period - Jake Evans wins face-off versus Eetu Luostarinen in BANFF WOLVES zone.
10:20 of 3rd period - Shot by Ivan Barbashev.
10:20 of 3rd period - Shot Misses the Net.
10:22 of 3rd period - Shot by Ivan Barbashev.
10:22 of 3rd period - Shot Blocked by Esa Lindell.
10:24 of 3rd period - Shot by Adam Pelech.
10:24 of 3rd period - Shot Misses the Net.
10:28 of 3rd period - Shot by Tyler Motte.
10:28 of 3rd period - Stopped by Jeremy Swayman without a rebound.
10:29 of 3rd period - Jake Evans wins face-off versus Eetu Luostarinen in BANFF WOLVES zone.
10:40 of 3rd period - Shot by Tyler Motte.
10:40 of 3rd period - Stopped by Jeremy Swayman without a rebound.
10:41 of 3rd period - Elias Lindholm wins face-off versus Logan O'Connor in BANFF WOLVES zone.
10:42 of 3rd period - Shot by Brayden Point.
10:42 of 3rd period - Stopped by Jeremy Swayman without a rebound.
10:43 of 3rd period - Elias Lindholm wins face-off versus Eetu Luostarinen in BANFF WOLVES zone.
11:30 of 3rd period - Shot by Brayden Point.
11:30 of 3rd period - Stopped by Jeremy Swayman without a rebound.
11:31 of 3rd period - Jake Evans wins face-off versus Alex Tuch in BANFF WOLVES zone.
11:41 of 3rd period - Icing by Adam Pelech.
11:42 of 3rd period - Jake Evans wins face-off versus Eetu Luostarinen in SAN JOSE BRONCOS zone.
11:46 of 3rd period - Icing by Ivan Barbashev.
11:47 of 3rd period - Jake Evans wins face-off versus Eetu Luostarinen in SAN JOSE BRONCOS zone.
11:47 of 3rd period - Jake Evans is hit by Logan O'Connor.
12:19 of 3rd period - Shot by Elias Lindholm.
12:19 of 3rd period - Shot Misses the Net.
14:12 of 3rd period - Mats Zuccarello is hit by Jan Rutta and loses puck.
14:29 of 3rd period - Shot by Jesper Bratt.
14:29 of 3rd period - Stopped by Jeremy Swayman without a rebound.
14:30 of 3rd period - Roope Hintz wins face-off versus Tyler Motte in BANFF WOLVES zone.
14:32 of 3rd period - Icing by Kyle Connor.
14:33 of 3rd period - Roope Hintz wins face-off versus Tyler Motte in BANFF WOLVES zone.
14:33 of 3rd period - Roope Hintz is hit by Michael Raffl.
14:41 of 3rd period - Shot by Alex Tuch.
14:41 of 3rd period - Shot Misses the Net.
14:53 of 3rd period - Off-side.
14:54 of 3rd period - Sean Couturier wins face-off versus Jake Evans in neutral zone.
15:05 of 3rd period - Minor Penalty to Brandon Montour for Charging.
15:06 of 3rd period - Elias Lindholm wins face-off versus Eetu Luostarinen in BANFF WOLVES zone.
17:01 of 3rd period - Icing by Neal Pionk.
17:02 of 3rd period - Elias Lindholm wins face-off versus Eetu Luostarinen in SAN JOSE BRONCOS zone.
17:09 of 3rd period - Shot by Jesper Bratt.
17:09 of 3rd period - Shot Blocked by Erik Gustafsson.
17:24 of 3rd period - Off-side.
17:25 of 3rd period - Tyler Motte wins face-off versus Kyle Connor in neutral zone.
17:51 of 3rd period - Tyler Motte is hit by Brandon Montour and loses puck.
18:12 of 3rd period - Shot by Brayden Point.
18:12 of 3rd period - Shot Misses the Net.
18:14 of 3rd period - Shot by Neal Pionk.
18:14 of 3rd period - Shot Blocked by Alex Tuch.
18:59 of 3rd period - Shot by Dawson Mercer.
18:59 of 3rd period - Shot Misses the Net.
19:31 of 3rd period - SAN JOSE BRONCOS, John Gibson is pulled from the net.
Goals for this period are 0 for SAN JOSE BRONCOS vs 0 for BANFF WOLVES.
Shots for this period are 8 for SAN JOSE BRONCOS vs 7 for BANFF WOLVES.


NATHAN
MACKINNON
PHILLIP
DANAULT
CONNOR
MCDAVID

EAST COAST

HOCKEY LEAGUE

  • 25.QUE4CHI5
  • 26.CHA2LIM3
  • 27.TRV2LON3
  • 28.CHW4BAL2
  • 29.PITMAN
  • 30.ATLNHW
  • 31.WORPET
  • 32.RHI